AoeStats
← Eliot

Hideout

509915878Analyzed
1v1 RM · 5d ago on Sep 28, 2026· 35m 26s· 2 players
Game mode
Random Map
Map size
Tiny (2 player)
Population
200
Speed
Normal
Resources
Standard
Victory
Conquest
Starting age
Dark Age
Ending age
Imperial Age
RankedLock teamsTeams togetherTeam positionsShared explorationLock speedFull tech treeHidden civsTurbo modeCheats
Victory
Defeat
🇪🇸 Danes · Spain
1592
+17
🇩🇰 Vikings · Denmark
1604
-17
Eliot
8:05 Loom
10:29 Feudal Age
10:35 Man-at-Arms
11:44 Double-Bit Axe
11:41 Horse Collar
11:55 Gold Mining
20:40 Castle Age
25:51 Imperial Age
25:55 Onager
32:34 Squires
ntjc.dk
9:15 Feudal Age
9:54 Double-Bit Axe
11:45 Loom
12:18 Fletching
19:45 Castle Age
17:45 Horse Collar
19:25 Gold Mining
19:42 Loom
19:55 Crossbowman
20:41 Bodkin Arrow
21:39 Bow Saw
24:26 Scale Barding Armor
24:31 Forging
25:09 Heavy Plow
33:53 Imperial Age
Connection lost

Rejoining the realm…

Still unreachable

The connection could not be restored.

Session expired

The server has moved on; the page needs a fresh start.